[Event "fics rated crazyhouse match"]
[Site "fics, Oklahoma City, OK USA"]
[Date "2000.03.16"]
[White "Eyefor"]
[WhiteElo "2379"]
[Black "Tecumseh"]
[BlackElo "2199"]
[TimeControl "60+1"]
[Result "1-0"]

1. e4 Nc6 2. d4 Nf6 3. Nc3 d5 4. exd5 Nxd5 5. P@b5 Ncb4 6. Nxd5 
Qxd5 7. N@e3 Qd8 8. a3 Nd5 9. Nxd5 Qxd5 10. N@e5 Qd8 11. Nxf7 Kxf7 
12. Bc4+ e6 13. P@f5 Qe7 14. Qe2 P@d5 15. fxe6+ Bxe6 16. P@f5 Bxf5 17. Bxd5+ 
P@e6 18. Bxb7 Rd8 19. P@e4 Bg6 20. P@h5 Rxd4 21. hxg6+ hxg6 22. Nf3 e5 
23. B@d5+ P@e6 24. Nxe5+ Kg8 25. Nxg6 Qf6 26. Nxh8 Kxh8 27. R@h5+ P@h7 28. Rxh7+ 
Kxh7 29. Qh5+ R@h6 30. Bxh6 gxh6 31. R@f7+ B@g7 32. Rxf6 P@d2+ 33. Kd1 N@c3+ 
34. bxc3 N@b2+ 35. Ke2 Rxe4# 
{Tecumseh resigns} 1-0

[Event "fics rated crazyhouse match"]
[Site "fics, Oklahoma City, OK USA"]
[Date "2000.03.16"]
[White "Tecumseh"]
[WhiteElo "2195"]
[Black "Eyefor"]
[BlackElo "2383"]
[TimeControl "60+1"]
[Result "0-1"]

1. e4 Nf6 2. e5 Nd5 3. Nc3 e6 4. d4 Nxc3 5. bxc3 N@e4 6. c4 
Bb4+ 7. N@d2 Bxd2+ 8. Bxd2 Nxd2 9. Qxd2 N@e4 10. N@h5 Nxd2 11. Nxg7+ Kf8 
12. B@h6 Nf3+ 13. Nxf3 Q@c3+ 14. P@d2 Qxa1+ 15. Ke2 B@d1+ 16. Ke3 Kg8 17. Nh5 
R@a3+ 18. Bd3 f5 19. N@f6+ Kf7 20. Rxd1 Qxd1 21. B@g8+ Rxg8 22. Nxg8 R@e4# 
{Tecumseh checkmated} 0-1

[Event "fics rated crazyhouse match"]
[Site "fics, Oklahoma City, OK USA"]
[Date "2000.03.16"]
[White "Eyefor"]
[WhiteElo "2387"]
[Black "Tecumseh"]
[BlackElo "2191"]
[TimeControl "60+1"]
[Result "1-0"]

1. e4 a5 2. d4 Na6 3. Nf3 e6 4. Bxa6 Rxa6 5. Nc3 Bb4 6. N@h5 
B@f8 7. Ng5 Nh6 8. d5 exd5 9. Qxd5 P@e6 10. Qd4 f6 11. P@f7+ Nxf7 
12. Nxf7 Kxf7 13. e5 Bfc5 14. Qg4 P@g6 15. exf6 gxf6 16. P@g7 gxh5 17. gxh8=N+ 
Qxh8 18. Qxh5+ P@g6 19. N@h6+ Ke7 20. R@f7+ Kd8 21. Qe2 N@e5 22. P@g7 Qe8 
23. g8=Q Nxf7 24. Nxf7+ Ke7 25. N@d5# 
{Tecumseh checkmated} 1-0

[Event "fics rated crazyhouse match"]
[Site "fics, Oklahoma City, OK USA"]
[Date "2000.03.16"]
[White "Tecumseh"]
[WhiteElo "2187"]
[Black "Eyefor"]
[BlackElo "2391"]
[TimeControl "60+1"]
[Result "0-1"]

1. e4 e6 2. d3 d5 3. exd5 exd5 4. Nf3 Bf5 5. Be2 Nc6 6. Bf4 
Nf6 7. Nbd2 P@g4 8. Ne5 Nxe5 9. Bxe5 h5 10. N@d4 Bd7 11. f3 N@e3 
12. Qc1 Nxg2+ 13. Kf2 gxf3 14. N2xf3 P@h3 15. Qg5 Ng4# 
{Tecumseh resigns} 0-1

[Event "fics rated crazyhouse match"]
[Site "fics, Oklahoma City, OK USA"]
[Date "2000.03.16"]
[White "Eyefor"]
[WhiteElo "2395"]
[Black "Tecumseh"]
[BlackElo "2183"]
[TimeControl "60+1"]
[Result "1-0"]

1. e4 Nc6 2. d4 Nf6 3. Nc3 e6 4. Nf3 d6 5. Bb5 Bd7 6. Ng5 
Be7 7. Bxc6 Bxc6 8. Nxf7 Kxf7 9. N@g5+ Ke8 10. Nxe6 Qd7 11. Nxg7+ Kd8 
12. d5 Bb5 13. P@e6 B@e2 14. Nxe2 Bxe2 15. Qxe2 N@d4 16. Qc4 Nxc2+ 17. Qxc2 
N@d4 18. N@f7# 
{Tecumseh resigns} 1-0

[Event "fics rated crazyhouse match"]
[Site "fics, Oklahoma City, OK USA"]
[Date "2000.03.16"]
[White "Tecumseh"]
[WhiteElo "2179"]
[Black "Eyefor"]
[BlackElo "2399"]
[TimeControl "60+1"]
[Result "0-1"]

1. e4 Nf6 2. e5 Nd5 3. Nc3 e6 4. Bc4 Nf4 5. Qf3 Qg5 6. d4 
Nxg2+ 7. Kf1 P@d2 8. Bxd2 Qxd2 9. Kxg2 Qxc2 10. P@f6 gxf6 11. exf6 Rg8+ 
12. P@g3 P@g4 13. Qe3 Qxb2 14. Re1 P@f3+ 15. Nxf3 gxf3+ 16. Qxf3 N@h4# 
{Tecumseh resigns} 0-1

[Event "fics rated crazyhouse match"]
[Site "fics, Oklahoma City, OK USA"]
[Date "2000.03.16"]
[White "Eyefor"]
[WhiteElo "2403"]
[Black "Tecumseh"]
[BlackElo "2175"]
[TimeControl "60+1"]
[Result "1-0"]

1. e4 e6 2. d4 Nf6 3. e5 Ne4 4. Nh3 d5 5. Be2 Be7 6. O-O 
Nc6 7. Nf4 Bd7 8. f3 Ng5 9. h4 h6 10. Nh5 Rh7 11. hxg5 hxg5 
12. f4 P@g6 13. fxg5 Bxg5 14. Bxg5 Qxg5 15. N@f6+ gxf6 16. Nxf6+ Qxf6 17. exf6 
P@h2+ 18. Kf2 N@e4+ 19. Ke1 B@g3+ 20. P@f2 Bxf2+ 21. Rxf2 h1=Q+ 22. Bf1 P@e3 
23. Q@g8+ N@f8 24. Rf4 Qxf1+ 25. Rxf1 B@f2+ 26. Ke2 Ng3+ 27. Kd3 Ne4 28. B@a3 
O-O-O 29. P@g7 e5 30. gxf8=Q exd4 31. Qxd8+ Nxd8 32. R@a8# 
{Tecumseh checkmated} 1-0

[Event "fics rated crazyhouse match"]
[Site "fics, Oklahoma City, OK USA"]
[Date "2000.03.16"]
[White "Tecumseh"]
[WhiteElo "2172"]
[Black "Eyefor"]
[BlackElo "2406"]
[TimeControl "60+1"]
[Result "0-1"]

1. e4 e6 2. Be2 d5 3. exd5 exd5 4. Nf3 Nf6 5. d4 Ne4 6. Nc3 
Bb4 7. P@d2 P@h3 8. Nxe4 hxg2 9. Rg1 dxe4 10. Ne5 P@f3 11. Bxf3 exf3 
12. Qxf3 N@f5 13. Rxg2 B@d5 14. P@e4 Nh4 15. Qg3 Bxe4 16. Qxg7 Nxg2+ 17. Qxg2 
Bxg2 18. N@g7+ Kf8 19. N@g3 R@g1+ 20. Nf1 Rxf1+ 21. Ke2 Re1+ 22. Kxe1 Q@f1# 
{Tecumseh checkmated} 0-1

[Event "fics rated crazyhouse match"]
[Site "fics, Oklahoma City, OK USA"]
[Date "2000.03.16"]
[White "Eyefor"]
[WhiteElo "2409"]
[Black "Tecumseh"]
[BlackElo "2169"]
[TimeControl "60+1"]
[Result "1-0"]

1. e4 d6 2. d4 Nf6 3. Nc3 e6 4. Nf3 Nc6 5. Bb5 Bd7 6. Ng5 
Qe7 7. Bxc6 Bxc6 8. N@a5 B@b4 9. Nxc6 bxc6 10. B@b7 Rd8 11. Bxc6+ Nd7 
12. P@b7 f6 13. Bxd7+ Qxd7 14. N@f7 fxg5 15. Nxh8 N@f4 16. Bxf4 gxf4 17. Qh5+ 
B@g6 18. Nxg6 hxg6 19. Qxg6+ B@f7 20. Qg5 Bxc3+ 21. bxc3 N@e3 22. fxe3 fxe3 
23. Qxe3 N@g4 24. Qe2 P@f2+ 25. Kd2 N@e3 26. B@f4 e5 27. Bxe3 Nxe3 28. Qxe3 
B@f4 29. Qxf4 exf4 30. R@e2 Bc4 31. B@g6+ Bf7 32. P@c6 Qxc6 33. Bxf7+ Kxf7 
34. B@d5+ P@e6 35. N@g5+ Ke7 36. N@g8+ Kd7 37. Bxe6+ Ke8 38. P@f7# 
{Tecumseh checkmated} 1-0

[Event "fics rated crazyhouse match"]
[Site "fics, Oklahoma City, OK USA"]
[Date "2000.03.16"]
[White "pminear"]
[WhiteElo "2410"]
[Black "VanceIII"]
[BlackElo "2166"]
[TimeControl "120+0"]
[Result "1-0"]

1. e4 d5 2. exd5 e5 3. Bc4 Bc5 4. Nc3 Qe7 5. Nf3 Bg4 6. Ne4 
Bb6 7. P@e3 Nf6 8. Nxf6+ gxf6 9. Be2 Rg8 10. d3 c6 11. dxc6 Nxc6 
12. Nh4 Bxe2 13. Qxe2 P@e6 14. B@f3 Rc8 15. Bxc6+ Rxc6 16. N@f5 exf5 17. Nxf5 
Qd7 18. N@h6 Rg5 19. P@g7 N@e7 20. Nxe7 Qxe7 21. g8=Q+ Rxg8 22. Nxg8 Qf8 
23. P@g7 Qxg8 24. R@h8 Qxh8 25. gxh8=Q+ B@f8 26. N@g7+ Kd7 27. Qxf8 R@d8 28. B@e8+ 
Kc7 29. Bxc6 B@a5+ 30. c3 Rxf8 31. Q@d7+ Kb8 32. Qxb7# 
{VanceIII checkmated} 1-0

[Event "fics rated crazyhouse match"]
[Site "fics, Oklahoma City, OK USA"]
[Date "2000.03.16"]
[White "VanceIII"]
[WhiteElo "2163"]
[Black "pminear"]
[BlackElo "2413"]
[TimeControl "60+0"]
[Result "0-1"]

1. e4 e5 2. d4 Nc6 3. dxe5 Nxe5 4. Nc3 Ng6 5. Bf4 Nf6 6. Bg5 
Be7 7. Bd3 d6 8. Bxf6 Bxf6 9. Nf3 Bxc3+ 10. bxc3 B@g4 11. P@f5 Nf4 
12. Rg1 Nxd3+ 13. cxd3 B@h5 14. B@e2 N@f4 15. N@d4 Nxe2 16. Qxe2 Bxf3 17. gxf3 
N@f4 18. Qd2 Nh3 19. Rxg7 B@h6 20. Rg3 Bxd2+ 21. Kxd2 Nf4 22. P@g7 Rg8 
23. B@g5 Qxg5 24. Rxg5 B@e7 25. Rg3 Q@h6 26. N@e3 Rxg7 27. Rxg7 Qxg7 28. R@g3 
R@b2+ 29. B@c2 P@g5 30. N@d5 Nxd5 31. Nxd5 N@f4 32. Nxc7+ Kd8 33. Q@e8+ Kxc7 
34. N@d5+ Nxd5 35. exd5 Rxc2+ 36. Kxc2 P@b3# 
{VanceIII forfeits on time} 0-1

[Event "fics rated crazyhouse match"]
[Site "fics, Oklahoma City, OK USA"]
[Date "2000.03.16"]
[White "pminear"]
[WhiteElo "2416"]
[Black "venomous"]
[BlackElo "2493"]
[TimeControl "60+0"]
[Result "0-1"]

1. e4 e6 2. Nc3 Nc6 3. d4 Nf6 4. e5 Nd5 5. Nxd5 exd5 6. Nf3 
d6 7. Bb5 Bg4 8. h3 Bxf3 9. Qxf3 N@h4 10. Qxd5 N@b4 11. Qe4 d5 
12. Qe2 Nxg2+ 13. Kd1 P@d7 14. P@c3 a6 15. Ba4 b5 16. Bb3 Nxc2 17. Bxc2 
Nh4 18. B@f3 Nxf3 19. Qxf3 B@g6 20. N@f5 Bxf5 21. Bxf5 P@e6 22. Bc2 N@e4 
23. B@h5 g6 24. N@g4 Bg7 25. Bxe4 dxe4 26. Qxe4 B@d5 27. N@f6+ Bxf6 28. Nxf6+ 
Qxf6 29. exf6 Bxe4 30. N@g7+ Kd8 31. P@e7+ Kc8 32. B@b3 N@a5 33. Bf4 Nxb3 
34. axb3 Q@c2+ 35. Ke1 N@g2+ 36. Kf1 Nxf4 
{pminear resigns} 0-1

[Event "fics rated crazyhouse match"]
[Site "fics, Oklahoma City, OK USA"]
[Date "2000.03.16"]
[White "venomous"]
[WhiteElo "2499"]
[Black "pminear"]
[BlackElo "2410"]
[TimeControl "60+0"]
[Result "0-1"]

1. e4 e5 2. Bc4 Nc6 3. Nf3 Bc5 4. O-O Nf6 5. Nc3 d6 6. h3 
Be6 7. Bxe6 fxe6 8. B@b3 B@f7 9. Ng5 Nd4 10. Nxf7 Kxf7 11. B@c4 Qe7 
12. Ne2 Nxb3 13. axb3 B@h5 14. N@g5+ Kf8 15. Nxe6+ Ke8 16. P@g5 Nxe4 17. Nxc5 
Nxc5 18. d3 P@f3 19. gxf3 Bxf3 20. P@g2 Bxe2 21. Qxe2 N@d4 22. Qh5+ Kd8 
23. B@g4 P@g6 24. Qh4 N@f5 25. Bxf5 N@f3+ 26. gxf3 Nxf3+ 27. Kh1 P@g2+ 28. Kxg2 
Nxh4+ 29. Kg3 Nxf5+ 30. Kh2 Nh4 31. B@d5 B@f3 32. N@e3 Bxd5 33. Bxd5 B@f3 
34. B@h1 Bxh1 35. Bxh1 B@f4+ 36. P@g3 Bxe3 37. fxe3 Q@e2+ 38. B@g2 N@f3+ 39. Rxf3 
Nxf3# 
{venomous checkmated} 0-1

[Event "fics rated crazyhouse match"]
[Site "fics, Oklahoma City, OK USA"]
[Date "2000.03.16"]
[White "venomous"]
[WhiteElo "2495"]
[Black "pminear"]
[BlackElo "2414"]
[TimeControl "60+0"]
[Result "0-1"]

1. e4 e5 2. Nf3 Nc6 3. Bb5 Bc5 4. O-O Nf6 5. Bxc6 dxc6 6. N@f5 
Bxf5 7. exf5 B@g4 8. B@e2 Bxf5 9. Nxe5 O-O 10. d3 P@h3 11. gxh3 Bxh3 
12. Bf3 Bxf1 13. Qxf1 Qd4 14. B@e3 Qxe5 15. Bxc5 Qxc5 16. Be3 B@d4 17. Bxd4 
Qxd4 18. B@c3 Qh4 19. Bxf6 Qxf6 20. N@g4 R@g6 21. B@g2 Qe7 22. P@f6 gxf6 
23. P@f5 Rg5 24. Nh6+ Kh8 25. h4 Rg7 26. Nc3 B@f4 27. Ng4 B@h5 28. Re1 
Rfg8 29. Rxe7 Bxg4 30. Bxg4 P@h2+ 31. Kh1 Rxg4 32. B@h3 R4g7 33. Ne4 P@f3 
34. Nxf6 fxg2+ 35. Bxg2 Rxg2 36. Qxg2 Rxg2 37. R@e8+ Q@g8 38. Rxg8+ Raxg8 39. P@g7+ 
R2xg7 40. P@g3 R@g1+ 41. Kxh2 Bxg3+ 42. Kh3 N@f3 
{venomous forfeits on time} 0-1

[Event "fics rated crazyhouse match"]
[Site "fics, Oklahoma City, OK USA"]
[Date "2000.03.16"]
[White "pminear"]
[WhiteElo "2424"]
[Black "venomous"]
[BlackElo "2485"]
[TimeControl "60+0"]
[Result "0-1"]

1. e4 e6 2. Nc3 Nc6 3. d4 Bb4 4. a3 Bxc3+ 5. bxc3 d6 6. Nf3 
Bd7 7. Rb1 Rb8 8. B@h4 f6 9. Bd3 N@g6 10. Bg3 N8e7 11. O-O O-O 
12. h3 Qe8 13. Bc4 d5 14. exd5 exd5 15. Ba2 P@e4 16. Nh2 Rc8 17. Re1 
f5 18. c4 dxc4 19. Bxc4+ P@d5 20. Bf1 Kh8 21. Rxb7 Na5 22. Rxc7 Rxc7 
23. Bxc7 f4 24. Bxa5 f3 25. N@g5 fxg2 26. Bxg2 P@f3 27. Nhxf3 exf3 28. Bxf3 
N@h4 29. P@f7 Rxf7 30. Nxf7+ Qxf7 31. P@g2 Nxf3+ 32. gxf3 P@h2+ 33. Kxh2 B@f4+ 
34. P@g3 Bxc1 35. Qxc1 Qxf3 36. B@g2 Qxf2 37. R@f3 Qxf3 38. Bxf3 R@f2+ 39. P@g2 
Rxf3 40. gxf3 P@f4 41. N@f7+ Kg8 42. Ng5 fxg3+ 43. Kxg3 B@h4+ 44. Kg2 R@f2+ 
45. Kh1 N@g3+ 46. Kg1 P@h2+ 47. Kxf2 Ne4+ 48. Ke3 B@f4+ 49. Kd3 Bb5+ 50. c4 
Bxc4+ 51. Kc2 P@b3# 
{pminear forfeits on time} 0-1

[Event "fics rated crazyhouse match"]
[Site "fics, Oklahoma City, OK USA"]
[Date "2000.03.16"]
[White "venomous"]
[WhiteElo "2492"]
[Black "pminear"]
[BlackElo "2417"]
[TimeControl "60+0"]
[Result "0-1"]

1. e4 e5 2. Nf3 Nc6 3. Nc3 Bc5 4. d3 Nf6 5. Be2 d5 6. exd5 
Nxd5 7. Nxd5 Qxd5 8. O-O Qd8 9. N@e4 Be7 10. P@b5 Nd4 11. Nxe5 Nxe2+ 
12. Qxe2 N@d4 13. Qh5 P@g6 14. Qd1 B@e2 15. Qe1 Bxf1 16. Nxf7 Bxg2 17. Nxd8 
Nf3+ 18. Kxg2 Nxe1+ 19. Kf1 P@e2+ 20. Kxe2 Q@f3+ 21. Kd2 R@e2+ 22. Kc3 Rxc2+ 
23. Kb3 Qxd3+ 24. B@c3 Qxb5+ 25. N@b4 P@a4+ 26. Ka3 Bxb4+ 27. Bxb4 N@c4# 
{venomous checkmated} 0-1

[Event "fics rated crazyhouse match"]
[Site "fics, Oklahoma City, OK USA"]
[Date "2000.03.16"]
[White "pminear"]
[WhiteElo "2427"]
[Black "venomous"]
[BlackElo "2482"]
[TimeControl "60+0"]
[Result "0-1"]

1. e4 e6 2. Nc3 Nc6 3. d4 Nf6 4. e5 Nd5 5. Nxd5 exd5 6. Nf3 
d6 7. Bb5 Bd7 8. Qe2 Be7 9. N@h5 Rg8 10. exd6 cxd6 11. P@f6 P@e4 
12. Nxg7+ Rxg7 13. fxg7 N@g8 14. R@h8 N@f6 15. P@g5 exf3 16. gxf6 Qa5+ 17. Qd2 
Qxd2+ 18. Bxd2 O-O-O 19. fxe7 Ncxe7 20. Bxd7+ Rxd7 21. gxf3 P@g2 22. Rg1 B@f1 
23. N@f4 N@g6 24. O-O-O Nxf4 25. Bxf4 N@e2+ 26. Kd2 Nxf4 27. Rxg8+ Nxg8 28. N@b6+ 
axb6 29. N@a7+ Kb8 
{pminear forfeits on time} 0-1

[Event "fics rated crazyhouse match"]
[Site "fics, Oklahoma City, OK USA"]
[Date "2000.03.16"]
[White "venomous"]
[WhiteElo "2489"]
[Black "pminear"]
[BlackElo "2420"]
[TimeControl "60+0"]
[Result "0-1"]

1. e4 e5 2. Nf3 Nc6 3. Nc3 Bc5 4. d3 Nf6 5. Be2 d5 6. exd5 
Nxd5 7. Nxd5 Qxd5 8. O-O N@d4 9. Nxd4 Nxd4 10. N@h5 P@e7 11. Nxg7+ Kd8 
12. P@e4 Nxe2+ 13. Qxe2 Qd7 14. N@b3 Bb6 15. N@c5 Bxc5 16. Nxc5 N@d4 17. Nxd7 
Nxe2+ 18. Kh1 Bxd7 19. P@e6 fxe6 20. Q@f3 N@d4 21. Qh5 B@g6 22. Qh3 N@f4 
23. Bxf4 Nxf4 24. Qg3 P@h3 25. gxh3 B@g2+ 26. Qxg2 Nxg2 27. B@g5 Q@f3 28. B@g4 
Qxg4 29. hxg4 B@f3 30. Q@h3 Nf4+ 31. Qxf3 Nxf3 32. Bxe7+ Kc8 33. P@g2 Q@h3 
34. N@e3 Qxh2# 
{venomous checkmated} 0-1

[Event "fics rated crazyhouse match"]
[Site "fics, Oklahoma City, OK USA"]
[Date "2000.03.16"]
[White "pminear"]
[WhiteElo "2430"]
[Black "venomous"]
[BlackElo "2479"]
[TimeControl "60+0"]
[Result "1-0"]

1. e4 Nc6 2. Nc3 Nf6 3. d4 e5 4. dxe5 Nxe5 5. Nf3 Nxf3+ 6. gxf3 
Bb4 7. Rg1 P@g6 8. P@g5 Nh5 9. N@d5 N@b6 10. Nxb4 a5 11. Nbd5 Nxd5 
12. Nxd5 d6 13. B@h3 Bxh3 14. Bxh3 B@e6 15. B@g4 Bxg4 16. Bxg4 B@e6 17. Bxh5 
gxh5 18. N@f6+ gxf6 19. Nxf6+ Ke7 20. N@d5+ Bxd5 21. Nxd5+ Kd7 22. B@h3+ B@e6 
23. P@f5 Bxd5 24. Qxd5 N@e5 25. B@e6+ Ke8 26. Bxf7+ Nxf7 27. P@g7 Rg8 28. Qe6+ 
B@e7 29. g6 hxg6 30. fxg6 N@e5 31. gxf7+ Nxf7 32. P@d7+ Qxd7 33. Qxd7# 
{venomous checkmated} 1-0

[Event "fics rated crazyhouse match"]
[Site "fics, Oklahoma City, OK USA"]
[Date "2000.03.16"]
[White "venomous"]
[WhiteElo "2470"]
[Black "pminear"]
[BlackElo "2439"]
[TimeControl "60+0"]
[Result "0-1"]

1. e4 e5 2. Nf3 Nc6 3. Nc3 Bc5 4. d3 Nf6 5. Be2 d5 6. exd5 
Nxd5 7. Nxd5 Qxd5 8. N@h5 Rg8 9. P@h6 Bf8 10. hxg7 Bxg7 11. Nxg7+ Rxg7 
12. B@h6 Rxg2 13. Rg1 Rxg1+ 14. Nxg1 N@g2+ 15. Kf1 R@e1+ 16. Qxe1 Nxe1 17. R@f8+ 
Kd7 18. Kxe1 N@g2+ 19. Kd2 Q@e1# 
{venomous checkmated} 0-1

[Event "fics rated crazyhouse match"]
[Site "fics, Oklahoma City, OK USA"]
[Date "2000.03.16"]
[White "pminear"]
[WhiteElo "2448"]
[Black "venomous"]
[BlackElo "2461"]
[TimeControl "60+0"]
[Result "0-1"]

1. e4 e6 2. Nc3 Nc6 3. d4 Nf6 4. e5 Nd5 5. Nxd5 exd5 6. Nf3 
d6 7. Bb5 Bg4 8. h3 Bxf3 9. Qxf3 dxe5 10. B@a4 N@h4 11. Qg4 P@f5 
12. Qe2 Nxg2+ 13. Kd1 N@f4 14. Bxf4 Nxf4 15. Qxe5+ Ne6 16. Bxc6+ bxc6 17. Bxc6+ 
P@d7 18. Bxd5 B@e4 19. Bxe4 fxe4 20. Qxe4 B@c6 21. P@d5 Bxd5 22. Qxd5 B@c6 
23. Qxc6 dxc6 24. B@f3 Qxd4+ 25. N@d3 P@e4 26. P@d7+ Qxd7 27. N@e5 exf3 28. Nxd7 
B@e2+ 29. Kc1 Q@h6+ 30. B@e3 P@f4 31. N7e5 P@d7 32. P@b7 Rd8 33. B@c8 fxe3 
34. b8=Q exf2+ 35. Kb1 f1=Q+ 36. Rxf1 Bxd3 37. Bxd7+ Ke7 
{pminear forfeits on time} 0-1

[Event "fics rated crazyhouse match"]
[Site "fics, Oklahoma City, OK USA"]
[Date "2000.03.16"]
[White "venomous"]
[WhiteElo "2469"]
[Black "pminear"]
[BlackElo "2440"]
[TimeControl "60+0"]
[Result "1-0"]

1. b3 e5 2. Bb2 Nc6 3. e3 d5 4. Bb5 Bd6 5. Nf3 f6 6. Nc3 
Be6 7. Bxc6+ bxc6 8. N@b7 Qe7 9. Nxd6+ cxd6 10. Ba3 B@b6 11. Na4 Nh6 
12. Nxb6 axb6 13. B@b2 O-O 14. B@g3 N@e4 15. d3 Nxg3 16. hxg3 Ng4 17. N@h2 
Nxh2 18. Nxh2 B@h6 19. N@g4 Bg5 20. f4 exf4 21. gxf4 Bh4+ 22. P@f2 P@g3 
23. fxg3 Bxg3+ 24. P@f2 Bxh2 25. Rxh2 Bxg4 26. Qxg4 N@g6 27. B@e6+ P@f7 28. Bf5 
N@h6 29. Rxh6 gxh6 30. O-O-O N@b5 31. Rh1 Rxa3 32. Rxh6 Rxa2 33. P@g7 Kxg7 
34. Rxg6+ fxg6 35. N@h5+ Kf7 36. N@h6+ Ke8 37. Bd7+ Kd8 38. Bxc6 R@e1+ 39. Kd2 
B@b4+ 40. P@c3 
{pminear forfeits on time} 1-0

[Event "fics rated crazyhouse match"]
[Site "fics, Oklahoma City, OK USA"]
[Date "2000.03.16"]
[White "pminear"]
[WhiteElo "2433"]
[Black "venomous"]
[BlackElo "2476"]
[TimeControl "60+0"]
[Result "0-1"]

1. e4 b6 2. Nc3 Bb7 3. d4 e6 4. Nf3 Bb4 5. Bd3 Nf6 6. e5 
Nd5 7. Bd2 Bxc3 8. bxc3 N@f4 9. B@f1 Nxd3+ 10. Bxd3 B@b2 11. N@h5 d6 
12. Nxg7+ Kd7 13. O-O Bxc3 14. Bxc3 Nxc3 15. Qd2 Bxf3 16. Qxc3 N@d5 17. Qd2 
B@c3 18. Qh6 Bxg2 19. Kxg2 Bxa1 20. Rxa1 P@b2 21. Rg1 R@a1 22. B@b7 Rxg1+ 
23. Kxg1 b1=Q+ 24. B@f1 R@g5+ 25. N@g3 Rg8 26. P@c6+ Nxc6 27. Bxc6+ Kxc6 28. Bb5+ 
Qxb5 29. Bxb5+ Kxb5 30. a4+ Kxa4 31. B@b3+ Kb5 32. c4+ Ka6 33. P@b5+ Kb7 
34. Qxh7 Rxg3+ 35. hxg3 N@e2+ 36. Kf1 Nxg3+ 37. fxg3 B@d3+ 38. Kg2 P@f3+ 39. Kh2 
Bxh7 40. P@c6+ Kc8 41. cxd5 Q@g2# 
{pminear checkmated} 0-1

[Event "fics rated crazyhouse match"]
[Site "fics, Oklahoma City, OK USA"]
[Date "2000.03.16"]
[White "venomous"]
[WhiteElo "2483"]
[Black "pminear"]
[BlackElo "2426"]
[TimeControl "60+0"]
[Result "1-0"]

1. e4 e5 2. Nf3 Nc6 3. Nc3 Bc5 4. Bb5 Nf6 5. O-O d6 6. d3 
Bg4 7. h3 Bxf3 8. Qxf3 N@d4 9. Qg3 Rg8 10. Bg5 Nxb5 11. Bxf6 Nxc3 
12. Bxd8 Ne2+ 13. Kh2 Nxg3 14. fxg3 B@f2 15. Bh4 N@g6 16. B@h5 Nxh4 17. Bxf7+ 
Kxf7 18. P@e6+ Kxe6 19. N@g5+ Kf6 20. Q@e6+ Kxg5 21. gxh4+ Kxh4 22. N@f3+ Kh5 
23. g4# 
{pminear checkmated} 1-0

[Event "fics rated crazyhouse match"]
[Site "fics, Oklahoma City, OK USA"]
[Date "2000.03.16"]
[White "pminear"]
[WhiteElo "2419"]
[Black "venomous"]
[BlackElo "2490"]
[TimeControl "60+0"]
[Result "0-1"]

1. e4 e6 2. Nc3 Nc6 3. d4 d5 4. exd5 exd5 5. Nf3 Bg4 6. Be2 
P@e4 7. Ne5 Bxe2 8. Nxe2 Nxe5 9. dxe5 N@h4 10. B@h3 B@d7 11. P@g4 Bxg4 
12. Bxg4 Nxg2+ 13. Kf1 Nh4 14. Rg1 P@e6 15. B@h3 P@f3 16. Nf4 Nh6 17. Be3 
Nxg4 18. Bxg4 Be7 19. N@h5 Rg8 20. Nxe6 B@e2+ 21. Qxe2 fxe2+ 22. Bxe2 Q@h3+ 
23. Ke1 Qxe6 24. Nxg7+ Rxg7 25. Rxg7 N@g2+ 26. Kd1 d4 27. Bh6 d3 28. cxd3 
exd3 29. B@b5+ c6 30. Bbxd3 P@c2+ 31. Kxc2 N@d4+ 32. Kd2 Nhf3+ 33. Kc1 Nxe2+ 
34. Bxe2 B@d2+ 35. Kb1 Bxh6 36. Rg8+ B@f8 
{pminear forfeits on time} 0-1

[Event "fics rated crazyhouse match"]
[Site "fics, Oklahoma City, OK USA"]
[Date "2000.03.16"]
[White "venomous"]
[WhiteElo "2496"]
[Black "pminear"]
[BlackElo "2413"]
[TimeControl "60+0"]
[Result "0-1"]

1. b3 e5 2. Bb2 Nc6 3. e3 d5 4. Bb5 Bd6 5. Nf3 f6 6. Nc3 
Be6 7. O-O a6 8. Bxc6+ bxc6 9. N@b7 Qe7 10. Nxd6+ cxd6 11. B@g3 Nh6 
12. d3 Nf5 13. Nh4 Nxh4 14. Bxh4 N@g6 15. Bg3 h5 16. N@h4 Nxh4 17. Bxh4 
N@g6 18. N@f3 B@g4 19. Bg3 h4 20. Nxh4 Nxh4 21. Bxh4 Bxd1 22. N@g6 N@h3+ 
23. Kh1 Rxh4 24. Nxd1 Nxf2+ 25. Nxf2 N@g3+ 26. Kg1 Ne2+ 27. Kh1 Q@g1+ 28. Rxg1 
Ng3# 
{venomous checkmated} 0-1

[Event "fics rated crazyhouse match"]
[Site "fics, Oklahoma City, OK USA"]
[Date "2000.03.16"]
[White "pminear"]
[WhiteElo "2423"]
[Black "venomous"]
[BlackElo "2486"]
[TimeControl "60+0"]
[Result "1-0"]

1. e4 e6 2. Nc3 b6 3. d4 Bb7 4. Nf3 Nf6 5. e5 Nd5 6. Nxd5 
Bxd5 7. Be2 Bb4+ 8. Bd2 Bxd2+ 9. Qxd2 B@h6 10. B@e3 Bxe3 11. fxe3 N@e4 
12. Qd3 Nc6 13. O-O Nb4 14. Qd1 B@h6 15. N@g4 Bg5 16. Nxg5 Qxg5 17. B@f4 
Qg6 18. a3 Nc6 19. B@f3 h5 20. Bxe4 Bxe4 21. N@h4 hxg4 22. Nxg6 fxg6 
23. Bxg4 B@f5 24. Bxf5 exf5 25. d5 Ne7 26. e6 O-O 27. B@f7+ Kh8 28. P@h5 
B@h7 29. hxg6 Nxg6 30. Qh5 N@e7 31. Bxg6 Nxg6 32. N@f7+ Rxf7 33. exf7 N@e2+ 
34. Kh1 Ngxf4 35. R@g8+ Rxg8 36. fxg8=Q+ Kxg8 37. P@f7+ Kf8 38. Q@e8# 
{venomous checkmated} 1-0

[Event "fics rated crazyhouse match"]
[Site "fics, Oklahoma City, OK USA"]
[Date "2000.03.16"]
[White "venomous"]
[WhiteElo "2477"]
[Black "pminear"]
[BlackElo "2432"]
[TimeControl "60+0"]
[Result "1-0"]

1. b3 e5 2. Bb2 Nc6 3. Nf3 d6 4. e4 Nf6 5. Bb5 Nxe4 6. d3 
Nxf2 7. Kxf2 Bg4 8. N@e3 Bxf3 9. Qxf3 P@f4 10. Nd5 P@e3+ 11. Kf1 a6 
12. Bxc6+ bxc6 13. Nxe3 fxe3 14. P@e6 fxe6 15. B@f7+ Ke7 16. Bxe6 N@g5 17. N@f5+ 
Kxe6 18. Qxc6 B@d5 19. Qxd5+ Kxd5 20. B@c4+ Kc6 21. Nxe3 P@e2+ 22. Ke1 N@f3+ 
23. gxf3 Nxf3+ 24. Kf2 Qh4+ 25. P@g3 e1=Q+ 26. Rxe1 Qxh2+ 27. N@g2 Qxg3+ 28. Kxg3 
P@h4+ 29. Kxf3 B@h5+ 30. P@g4 Q@g3+ 31. Ke2 Bxg4+ 32. Nxg4 P@f3+ 33. Kd2 Qxg2+ 
34. Kc1 N@f1 35. Q@d5+ Kd7 36. B@e6+ Ke7 37. N@f5+ Kd8 38. P@e7+ Bxe7 39. Qxa8# 
{pminear checkmated} 1-0

[Event "fics rated crazyhouse match"]
[Site "fics, Oklahoma City, OK USA"]
[Date "2000.03.16"]
[White "pminear"]
[WhiteElo "2425"]
[Black "venomous"]
[BlackElo "2484"]
[TimeControl "60+0"]
[Result "0-1"]

1. e4 e6 2. Nc3 b6 3. d4 Bb7 4. Nf3 Bb4 5. Bd3 Nf6 6. e5 
Nd5 7. Bd2 Bxc3 8. bxc3 N@f4 9. Rg1 Nxd3+ 10. cxd3 B@h5 11. g4 Bg6 
12. B@e4 Bxe4 13. dxe4 Nxc3 14. Bxc3 Bxe4 15. N@h5 d6 16. Nxg7+ Kd7 17. N@f6+ 
Qxf6 18. exf6 N@d5 19. B@a4+ P@c6 20. Ne5+ dxe5 21. dxe5 N@d3+ 22. Kd2 B@g5+ 
23. P@e3 P@b7 24. P@c4 Bxf6 25. cxd5 Bxg7 26. dxc6+ Nxc6 27. P@f5 N@c4+ 28. Ke2 
P@f3+ 29. Kf1 P@g2+ 30. Rxg2 fxg2+ 31. Ke2 exf5 32. N@f6+ Bxf6 33. exf6 P@f3# 
{pminear checkmated} 0-1

[Event "fics rated crazyhouse match"]
[Site "fics, Oklahoma City, OK USA"]
[Date "2000.03.16"]
[White "venomous"]
[WhiteElo "2491"]
[Black "pminear"]
[BlackElo "2418"]
[TimeControl "60+0"]
[Result "0-1"]

1. e4 e5 2. Nc3 Nc6 3. Nf3 Bc5 4. Bb5 Nf6 5. O-O d6 6. Nd5 
Nxe4 7. d3 Nxf2 8. Rxf2 Bxf2+ 9. Kxf2 P@g4 10. Ng5 P@f4 11. N@h5 Qxg5 
12. Nxg7+ Qxg7 13. B@f6 g3+ 14. Ke1 R@g1+ 15. Ke2 Rxd1 16. Bxg7 Q@f1# 
{venomous checkmated} 0-1